 Dungeon Crawl Stone Soup version 0.28-a0-239-g68911e0c57 (webtiles) character file.

Game seed: 9543384590759662694

19814 wakim the Grappler (level 12, -4/126 HPs)
             Began as a Troll Hunter on Aug 23, 2021.
             Was an Elder of Wu Jian.
             Slain by a nine-headed hydra (13 damage)
             ... on level 1 of the Lair of Beasts.
             The game lasted 00:31:55 (11681 turns).

wakim the Grappler (Troll Hunter)                  Turns: 11681, Time: 00:31:56

Health: -4/126     AC:  8    Str: 25    XL:     12   Next: 39%
Magic:  11/11      EV:  9    Int:  7    God:    Wu Jian [****..]
Gold:   743        SH: 11    Dex: 12    Spells: 11/11 levels left

rFire   + . .      SeeInvis .     - Unarmed
rCold   + + .      Faith    .   l - +2 kite shield
rNeg    + . .      Spirit   .   p - +2 robe {rC+ rF+}
rPois   .          Reflect  .   (helmet restricted)
rElec   .          Harm     .   b - +1 cloak
rCorr   .          Rampage  .   (gloves unavailable)
Will    .....                   (boots unavailable)
Stlth   ++........              (no amulet)
HPRegen 1.31/turn               f - ring of positive energy
MPRegen 0.12/turn               d - ring of protection from cold

@: no status effects
A: large, unfitting armour, claws 3, regeneration 1, shaggy fur 1, tough skin 1
a: Renounce Religion, Wall Jump, Serpent's Lash


You were on level 1 of the Lair of Beasts.
You worshipped Wu Jian.
Wu Jian was greatly pleased with you.
You visited 3 branches of the dungeon, and saw 13 of its levels.
You also visited: Ossuary.

You collected 806 gold pieces.
You spent 63 gold pieces at shops.

Inventory:

Missiles
 c - a large rock (quivered) {=f}
 e - 4 throwing nets {=f!f}
 h - 69 poisoned darts
 t - a boomerang
Armour
 b - a +1 cloak (worn)
 l - a +2 kite shield (worn)
 p - a +2 robe of resistance (worn)
 u - +0 acid dragon scales
Jewellery
 d - a ring of protection from cold (right claw)
 f - a ring of positive energy (left claw)
 w - a ring of ice
Wands
 v - a wand of flame (58)
 y - a wand of paralysis (4)
Scrolls
 s - a scroll of enchant weapon
 T - 4 scrolls of teleportation
 X - 2 scrolls of fog
Potions
 a - a potion of brilliance {unknown}
 g - 3 potions of invisibility {unknown}
 i - 2 potions of mutation {unknown}
 k - a potion of resistance {unknown}
 m - 4 potions of haste
 n - 4 potions of attraction {unknown}
 o - 2 potions of cancellation {unknown}
 q - 2 potions of might {unknown}
 r - 2 potions of berserk rage {unknown}
 F - 4 potions of curing
 G - 5 potions of flight
 J - 5 potions of heal wounds
 L - 4 potions of lignification {!q}


   Skills:
 * Level 9.8 Fighting
 + Level 8.3 Throwing
 - Level 1.5 Dodging
 - Level 4.0 Stealth
 + Level 6.6 Shields
 * Level 11.3 Unarmed Combat


You had 11 spell levels left.
You didn't know any spells.
Your spell library contained the following spells:

 Spells                   Type           Power      Damage    Failure   Level
 Beastly Appendage        Tmut           0%         N/A       58%         1
 Summon Small Mammal      Summ           0%         N/A       58%         1
 Slow                     Hex            0%         N/A       75%         2
 Wereblood                Tmut           0%         N/A       75%         2
 Call Canine Familiar     Summ           0%         N/A       92%         3
 Confusing Touch          Hex            0%         N/A       92%         3
 Conjure Flame            Conj/Fire      0%         6-21      92%         3
 Ignite Poison            Fire/Tmut/Pois 0%         N/A       92%         3
 Spider Form              Tmut/Pois      0%         N/A       92%         3
 Summon Guardian Golem    Hex/Summ       0%         N/A       92%         3
 Vampiric Draining        Necr           0%         2d6       92%         3
 Animate Dead             Necr           0%         N/A       100%        4
 Leda's Liquefaction      Hex/Erth       0%         N/A       100%        4
 Olgreb's Toxic Radiance  Pois           0%         N/A       100%        4
 Passage of Golubria      Tloc           N/A        N/A       100%        4
 Sticky Flame             Conj/Fire      0%         2d3       100%        4
 Summon Lightning Spire   Summ/Air       0%         N/A       100%        4
 Bolt of Magma            Conj/Fire/Erth 0%         4d4       100%        5
 Silence                  Hex/Air        0%         N/A       100%        5
 Statue Form              Tmut/Erth      0%         N/A       100%        6
 Haunt                    Necr/Summ      0%         N/A       100%        7
 Ozocubu's Refrigeration  Ice            0%         4d5       100%        7
 Storm Form               Tmut/Air       0%         N/A       100%        7
 Ignition                 Fire           0%         3d3       100%        8
 Infestation              Necr           0%         N/A       100%        8
 Lehudib's Crystal Spear  Conj/Erth      0%         10d2      100%        8
 Maxwell's Capacitive Co  Air            0%         ∞         100%        8


Dungeon Overview and Level Annotations

Branches:
Dungeon (10/15)            Temple (1/1) D:4            Lair (2/6) D:9
  Snake (0/4) Lair:2      Ossuary (visited)
  Swamp: Lair:2-4    Shoals: Lair:2-4       Orc: D:9-12

Altars:
Ashenzari
Cheibriados
Elyvilon
Fedhas
Gozag
Makhleb
Okawaru
Ru
Trog
Uskayaw
Wu Jian
Xom
Yredelemnul

Shops:
D:3 *   D:4 (   D:5 :

Annotations:
D:6 4 runed translucent doors
D:10 Erica


Innate Abilities, Weirdness & Mutations

You are too large for most types of armour.
You have claws for hands.
Your natural rate of healing is unusually fast.
You are covered in fur. (AC +1)
You have tough skin. (AC +1)


Message History

You throw a large rock {=f}.
The large rock {=f} hits the seven-headed hydra!!
The seven-headed hydra is almost dead.
You block the seven-headed hydra's attack.
The seven-headed hydra bites you.
* * * LOW HITPOINT WARNING * * *
The seven-headed hydra bites you but does no damage.
The seven-headed hydra completely misses you.
The seven-headed hydra bites you but does no damage.
The seven-headed hydra bites you!
* * * LOW HITPOINT WARNING * * *
The seven-headed hydra bites you!
* * * LOW HITPOINT WARNING * * *
You rip one of the seven-headed hydra's heads off!
The six-headed hydra grows two more!
You scratch the eight-headed hydra.
The eight-headed hydra is severely wounded.
The eight-headed hydra completely misses you.
The eight-headed hydra bites you.
* * * LOW HITPOINT WARNING * * *
The eight-headed hydra bites you!
* * * LOW HITPOINT WARNING * * *
You block the eight-headed hydra's attack.
The eight-headed hydra bites you but does no damage.
The eight-headed hydra barely misses you. x2
The eight-headed hydra bites you!
* * * LOW HITPOINT WARNING * * *
You tear one of the eight-headed hydra's heads off!
The seven-headed hydra grows two more!
You mangle the nine-headed hydra!!
The nine-headed hydra is severely wounded.
The nine-headed hydra closely misses you.
You block the nine-headed hydra's attack.
The nine-headed hydra bites you but does no damage.
The nine-headed hydra bites you!
* * * LOW HITPOINT WARNING * * *
The nine-headed hydra bites you but does no damage.
You block the nine-headed hydra's attack.
The nine-headed hydra closely misses you.
The nine-headed hydra bites you but does no damage.
The nine-headed hydra bites you!
You die...

..P#.# ##.##
##. ....##
#.(## #.
#....## ##..#
## ##....##
##(## #
###...##
#..### #
#.#...###
##...# ####
####....##
#(.## #.#.
###...##
#D.## ##..
#....####@..#
#..
####...##...#
#..
##...P..##
#.. #P#....##
##..
####....#
####...
##..#####
#..[.##
#########
##.....##
##...#
###......P#
##.......#
##.#P#
).........#
##.......##
##..###


You could see a nine-headed hydra.

Vanquished Creatures
  A hydra (Lair:1)
  Fannar (D:10)
  A two-headed ogre (D:4)
  A centaur warrior (D:8)
  Nergalle (D:10)
  Pikel (D:8)
  6 elephants (Lair:2)
  4 black mambas (Lair:2)
  Maurice (D:8)
  Joseph (D:8)
  3 centaur zombies (D:10)
  3 cane toads
  A rime drake (Lair:2)
  2 komodo dragons (Lair:2)
  A troll (D:6)
  A polar bear (Lair:2)
  3 shadows (D:10)
  Sigmund (D:4)
  A vampire (D:8)
  A wraith (D:9)
  5 wyverns
  11 yaks
  A basilisk (Lair:2)
  A vampire mosquito (D:8)
  2 steam dragons
  2 swamp worms (Lair:2)
  An acid dragon (D:10)
  3 wargs (D:9)
  6 water moccasins
  3 necrophages
  2 sky beasts (D:7)
  2 hornet zombies
  An ice beast (D:6)
  3 black bears
  2 ogres
  4 centaurs
  2 phantoms
  4 wolves (Lair:2)
  2 kobold brigands
  5 bullfrogs
  2 scorpions
  3 water moccasin zombies (Ossuary)
  A water moccasin skeleton (D:5)
  4 killer bees (D:8)
  4 wights (D:8)
  5 howler monkeys
  An electric eel (Lair:2)
  A bullfrog zombie (D:6)
  2 centaur skeletons (D:6)
  3 hounds
  A gnoll shaman (D:6)
  8 orc priests
  A jelly (D:6)
  A bullfrog skeleton (D:5)
  4 iguanas
  6 orc wizards
  A hound skeleton (D:4)
  3 mummies
  4 gnolls (D:6)
  A howler monkey skeleton (D:7)
  8 adders
  A shadow imp (D:6)
  An ufetubus (D:6)
  3 adder zombies (Ossuary)
  A worm (D:3)
  2 dart slugs
  23 orcs
  6 endoplasms
  4 giant cockroaches
  4 gnoll zombies (Ossuary)
  5 goblins
  8 hobgoblins
  7 jackals
  13 kobolds
  6 quokkas
  6 ball pythons
  5 bats
  4 frilled lizards (D:1)
  A hobgoblin zombie (Ossuary)
  7 kobold zombies (Ossuary)
  8 orc zombies (Ossuary)
  4 rats
280 creatures vanquished.

Vanquished Creatures (others)
  7 fungi (Lair:2)
  48 plants
55 creatures vanquished.

Grand Total: 335 creatures vanquished

Notes
Turn   | Place    | Note
-------+----------+-------------------------------------------
     0 | D:1      | wakim the Troll Hunter began the quest for the Orb.
     0 | D:1      | Reached XP level 1. HP: 19/19 MP: 0/0
   152 | D:1      | Reached XP level 2. HP: 28/28 MP: 1/1
   196 | D:1      | Reached skill level 1 in Unarmed Combat
   439 | D:1      | Reached XP level 3. HP: 35/35 MP: 2/2
   822 | D:2      | Found an ornate altar of the Wu Jian Council.
  1058 | D:2      | You fall into a shaft and drop 1 floor!
  1280 | D:2      | Reached skill level 1 in Stealth
  1422 | D:2      | Reached XP level 4. HP: 44/44 MP: 3/3
  1442 | D:2      | Reached skill level 2 in Unarmed Combat
  1610 | D:3      | Found a faded altar of an unknown god.
  1776 | D:3      | Found a sacrificial altar of Ru.
  1875 | D:3      | Found a broken altar of Ashenzari.
  1903 | D:3      | Found Fihysett's Assorted Antiques.
  2000 | D:2      | Became a worshipper of the Wu Jian Council
  2411 | D:3      | Bought a scroll labelled CUOZOA AKHLARR for 21 gold pieces
  2411 | D:3      | Bought a scroll labelled ZUYNWE WAOH for 21 gold pieces
  2411 | D:3      | Bought a scroll labelled ZUYNWE WAOH for 21 gold pieces
  2436 | D:4      | Noticed a black bear
  2479 | D:4      | Reached XP level 5. HP: 50/50 MP: 4/4
  2482 | D:4      | Found a staircase to the Ecumenical Temple.
  2491 | Temple   | Entered the Ecumenical Temple
  2511 | D:4      | Noticed an ogre
  2548 | D:4      | Killed an ogre
  2549 | D:4      | Reached skill level 1 in Shields
  2610 | D:4      | Killed a black bear
  2611 | D:4      | Reached skill level 3 in Unarmed Combat
  2611 | D:4      | Reached XP level 6. HP: 59/61 MP: 5/5
  2780 | D:4      | Found a blossoming altar of Fedhas.
  2886 | D:4      | Found Satuer's Weapon Shoppe.
  3354 | D:4      | Noticed Sigmund
  3363 | D:4      | Noticed a two-headed ogre
  3411 | D:4      | Killed Sigmund
  3412 | D:4      | Reached XP level 7. HP: 62/68 MP: 6/6
  3475 | D:4      | Killed a two-headed ogre
  3476 | D:4      | Reached skill level 5 in Throwing
  3476 | D:4      | Reached skill level 5 in Unarmed Combat
  3476 | D:4      | Reached XP level 8. HP: 50/79 MP: 7/7
  3647 | D:5      | Entered Level 5 of the Dungeon
  3817 | D:5      | Found Piacyle's Book Shoppe.
  4015 | D:5      | Reached skill level 5 in Fighting
  4300 | D:5      | Reached skill level 6 in Unarmed Combat
  4303 | D:5      | Reached XP level 9. HP: 63/88 MP: 8/8
  4654 | D:5      | Identified the +4 quarterstaff of Satip {pain, Will+}
  5075 | D:6      | Found a sand-covered staircase.
  5083 | Ossuary  | Entered an ossuary
  5103 | Ossuary  | Reached * piety under Wu Jian
  5422 | D:6      | Found a large runed translucent door.
  5422 | D:6      | Found a large runed translucent door.
  5435 | D:6      | Noticed a two-headed ogre
  5441 | D:6      | Found a large runed translucent door.
  5441 | D:6      | Found a large runed translucent door.
  5501 | D:6      | Reached ** piety under Wu Jian
  5550 | D:6      | Reached skill level 7 in Unarmed Combat
  5753 | D:6      | Found an opulent altar of Gozag.
  5955 | D:6      | Identified the +6 trident of Judgement {vorpal, Will+ Str+4
                  | Dex-4}
  6022 | D:6      | Noticed a troll
  6047 | D:6      | Killed a troll
  6314 | D:6      | Identified the +9 long sword of Deformation {flame, rElec
                  | Dex+4}
  6488 | D:7      | Reached XP level 10. HP: 96/100 MP: 9/9
  6489 | D:7      | Found an iron altar of Okawaru.
  6489 | D:7      | Found a hide-covered altar of Uskayaw.
  6489 | D:7      | Found a basalt altar of Yredelemnul.
  6726 | D:7      | Found a snail-covered altar of Cheibriados.
  6764 | D:7      | Found a shimmering altar of Xom.
  6764 | D:7      | Found a shimmering altar of Xom.
  6766 | D:7      | Found a shimmering altar of Xom.
  6768 | D:7      | Found a shimmering altar of Xom.
  6771 | D:7      | Reached *** piety under Wu Jian
  6772 | D:7      | Reached skill level 8 in Unarmed Combat
  6875 | D:7      | Found a white marble altar of Elyvilon.
  6972 | D:7      | Found a shimmering altar of Xom.
  7059 | D:8      | Noticed a deep elf pyromancer
  7060 | D:8      | Noticed a deep elf pyromancer
  7230 | D:8      | Noticed Maurice
  7274 | D:8      | Killed Maurice
  7432 | D:8      | Noticed Pikel
  7440 | D:8      | Noticed Joseph
  7467 | D:8      | Killed Pikel
  7481 | D:8      | Killed Joseph
  7750 | D:8      | HP: 3/102 [vampire mosquito (10)]
  7764 | D:8      | Noticed a centaur warrior
  7798 | D:8      | Killed a centaur warrior
  7799 | D:8      | Reached skill level 5 in Shields
  7799 | D:8      | Reached skill level 9 in Unarmed Combat
  8074 | D:9      | Reached XP level 11. HP: 69/111 MP: 10/10
  8229 | D:9      | Found a staircase to the Lair.
  8317 | D:9      | Reached **** piety under Wu Jian
  8775 | D:10     | Entered Level 10 of the Dungeon
  8775 | D:10     | Noticed a two-headed ogre
  8798 | D:10     | Noticed Nergalle
  8808 | D:10     | Killed Nergalle
  8947 | D:10     | Noticed Fannar
  8997 | D:10     | Killed Fannar
  9052 | D:10     | Noticed Erica
  9145 | Lair:1   | Entered Level 1 of the Lair of Beasts
  9291 | Lair:1   | Reached skill level 10 in Unarmed Combat
 10429 | Lair:2   | Found a staircase to the Snake Pit.
 10668 | Lair:2   | Reached XP level 12. HP: 123/123 MP: 11/11
 10830 | Lair:2   | Reached skill level 11 in Unarmed Combat
 11101 | Lair:2   | Noticed a five-headed hydra
 11285 | Lair:1   | Killed an eight-headed hydra
 11492 | Lair:2   | Noticed a five-headed hydra
 11681 | Lair:1   | Slain by a nine-headed hydra

Illustrated notes

Levels and vault maps discovered:
D:1:      shiori_shiawase, layout_loops_ring, chequers_serial_rivers_micro_c
D:2:      minmay_general_purpose_star, layout_basic, basic_altar
D:3:      layout_loops_ring, evilmike_ruin_ashenzari, mainiacjoe_overflow_paths,
          serial_shops, nicolae_shop_window_shopping,
          chequers_ecumenical_altar_island, minmay_crystal_room
D:4:      layout_basic, fedhas_altar_decomposition,
          minmay_temple_entry_gardened_gates, serial_shops, shop, uniq_sigmund
D:5:      layout_basic, serial_shops, kennysheep_mini_moat
D:6:      layout_loops_ring, mainiacjoe_overflow_chevrons,
          gup_ossuary_entry_pyramid, corexii_item_surrounded_by_moat,
          minmay_hollow_rounded_squares
D:7:      layout_rooms, mainiacjoe_overflow_six_doors_small,
          chequers_temple_overflow_statue_of_worship, xom_redecorated
D:8:      minmay_diamond_stairs, layout_cave_pools,
          chequers_serial_rivers_small_b, uniq_maurice, uniq_pikel, uniq_joseph
D:9:      layout_basic, erik_lair_orcish_takeover, library_closet
D:10:     minmay_the_grid_3x3 [minmay_the_grid_spin_star,
          minmay_the_grid_garden, minmay_the_grid_pillar_ring,
          minmay_the_grid_rooms, minmay_the_grid_expand, minmay_the_grid_fan,
          minmay_the_grid_doors, minmay_the_grid_dragon_a,
          minmay_the_grid_prize_big_room], layout_irregular_city, serial_shops,
          nicolae_square_shop, uniq_fannar, uniq_nergalle, uniq_snorg,
          uniq_erica
Temple:   chequers_temple_sunken
Lair:1:   layout_cave_pods
Lair:2:   layout_regular_city, palyth_hydra_swamp_entry,
          minmay_snake_entry_six_corridors, wad_woods_river_01

Skill      XL: |  1  2  3  4  5  6  7  8  9 10 11 12 |
---------------+-------------------------------------+-----
Unarmed Combat | 1 2 3 5 6 7 9 10 11 | 11.3
Fighting       | 2 3 4 5 6 7 9 |  9.8
Stealth        | 1 2 3 4 |  4.0
Throwing       | 4 5 6 7 8 |  8.3
Shields        | 1 2 3 4 5 6 |  6.6
Dodging        | |  1.5

Action                   |  1- 3 |  4- 6 |  7- 9 | 10-12 || total
-------------------------+-------+-------+-------+-------++-------
Melee: Unarmed           |   135 |   109 |   257 |   537 ||  1038
Throw: Dart              |       |    23 |    33 |    37 ||    93
       Large rock        |       |     3 |       |    14 ||    17
       Boomerang         |       |       |       |     2 ||     2
Invok: Lunge             |       |     7 |    13 |    29 ||    49
       Whirlwind         |       |       |     2 |    93 ||    95
       Serpent's Lash    |       |       |       |     3 ||     3
 Abil: Wall Jump         |       |       |     1 |     6 ||     7
Evoke: Wand              |       |       |       |     4 ||     4
  Use: Scroll            |       |     6 |     5 |     3 ||    14
       Potion            |       |       |       |     5 ||     5
 Stab: Sleeping          |     4 |     2 |     9 |     4 ||    19
       Distracted        |       |       |       |     1 ||     1
Armor: Robe              |    30 |    30 |    40 |    85 ||   185
       Steam dragon scal |       |       |       |   109 ||   109
       Acid dragon scale |       |       |       |    22 ||    22
Dodge: Dodged            |    74 |    39 |    71 |   197 ||   381
Block: Kite shield       |       |    25 |   111 |   331 ||   467

Table legend: (Time is in decaauts)
 A = Elapsed time spent in this place.
 B = Non-inter-level travel time spent in this place.
 C = Inter-level travel time spent in this place.
 D = Time resting spent in this place.
 E = Time spent auto-exploring this place.
 F = Levels seen in this place.
 G = Mean time per level.
                   A        B        C        D        E       F      G
               +--------+--------+--------+--------+--------+-----+--------+
         Total |  11719 |  11155 |    564 |    316 |   7914 |  14 |  837.1 |
       Dungeon |   8980 |   8444 |    536 |    284 |   6043 |  10 |  898.0 |
        Temple |      1 |      1 |      0 |      0 |      0 |   1 |    1.0 |
          Lair |   2538 |   2510 |     28 |     32 |   1797 |   2 | 1269.0 |
       Ossuary |    199 |    199 |      0 |      0 |     74 |   1 |  199.0 |
               +--------+--------+--------+--------+--------+-----+--------+

Top non-repeatable levels by time:
     D:5: 1418 daAuts
  Lair:2: 1379 daAuts
     D:6: 1309 daAuts
     D:4: 1226 daAuts
  Lair:1: 1158 daAuts
     D:8: 859 daAuts
     D:9: 848 daAuts
     D:2: 820 daAuts
     D:1: 809 daAuts
     D:3: 807 daAuts
     D:7: 611 daAuts
    D:10: 269 daAuts
 Ossuary: 199 daAuts
  Temple: 1 daAuts
